 Dungeon Crawl Stone Soup version 0.28.0-53-g5a82cb258f (webtiles) character file.

Game seed: 5298786925723049211

10 Descartes the Ducker (level 2, 14/14 HPs)
             Began as a Felid Monk on June 29, 2022.
             Was an Initiate of Ashenzari.
             Got out of the dungeon alive.
             The game lasted 00:01:35 (346 turns).

Descartes the Ducker (Felid Monk)                    Turns: 346, Time: 00:01:36

Health: 14/14      AC:  1    Str:  7    XL:     2   Next: 10%
Magic:  3/3        EV: 19    Int: 11    God:    Ashenzari [......]
Gold:   12         SH:  0    Dex: 18    Spells: 1/1 levels left
                                        Lives:  0   Deaths: 0

rFire   . . .      SeeInvis +     - Unarmed
rCold   . . .      Faith    .   (shield unavailable)
rNeg    . . .      Spirit   .   (armour unavailable)
rPois   .          Reflect  .   (helmet unavailable)
rElec   .          Harm     .   (cloak unavailable)
rCorr   .          Rampage  .   (gloves unavailable)
Will    .....                   (boots unavailable)
Stlth   ++........              (no amulet)
HPRegen 0.04/turn               (no ring)
MPRegen 0.08/turn               (no ring)

@: quick
A: very small, claws 1, fangs 3, see invisible, speed 1, shaggy fur 1, stealthy
paws, no weapons or thrown items, no armour, multi-lived
a: Renounce Religion, Curse Item


You escaped.
You worshipped Ashenzari.
Ashenzari was noncommittal.
You visited 1 branch of the dungeon, and saw 1 of its levels.

You collected 12 gold pieces.

Inventory:

Scrolls
 b - a scroll of amnesia {unknown}
 c - a scroll of enchant armour {unknown}
Potions
 a - a potion of heal wounds {unknown}


   Skills:
 + Level 3.1 Fighting
 + Level 4.2 Dodging
 + Level 3.1 Stealth
 + Level 3.1 Unarmed Combat


You had one spell level left.
You didn't know any spells.
Your spell library was empty.

Dungeon Overview and Level Annotations

Branches:
Dungeon (1/15)

Altars:
Ashenzari


Innate Abilities, Weirdness & Mutations

You have sharp claws.
You have razor-sharp teeth.
You have supernaturally acute eyesight. (SInv)
You cover ground quickly. (Speed+)
You are covered in fur. (AC +1)
Your paws help you pounce on unaware monsters.
You are incapable of wielding weapons or throwing items.
You cannot wear armour.
You gain extra lives every three experience levels.


Message History

You scratch the goblin.
You kill the goblin!
No target in view!
No target in view!
A bat comes into view.
The bat moves out of view.
You see here a scroll labelled SAELINWO NIHA.
You scratch the bat.
You kill the bat!
You have reached level 2!
c - a scroll labelled SAELINWO NIHA You see here a +0 club.
A quokka comes into view.
You see here a scroll labelled CINUIPRUCEOT.
You see here 8 gold pieces.
The helpless quokka fails to defend itself.
You claw the quokka!
You kill the quokka!
No target in view!
No target in view!
No target in view!
No target in view!
No target in view!
No target in view!
No target in view!
No target in view!
No target in view!
There is a faded altar of an unknown god here.
You cannot tell which god this altar belongs to.
Convert to them anyway?
Ashenzari accepts your prayer! Ashenzari welcomes you!
Ashenzari invites you to partake of a vision and a curse of evocations and introspection.
Ashenzari warns you of distant threats and treasures.
Ashenzari reveals the structure of the dungeon to you.
Ashenzari shows you where magical portals lie.
Ashenzari invites you to partake of a vision and a curse of evocations and beguiling.
Okay, then.
There is an open door here.
You see here a +0 dagger.
There is a staircase leading out of the dungeon here.
Are you sure you want to leave the Dungeon?
This will make you lose the game!
You have escaped!

≈≈≈≈≈≈≈≈≈......≈≈≈≈≈
≈≈≈≈≈≈≈≈≈÷≈...≈≈≈≈≈#
≈≈≈≈≈≈≈≈≈≈≈....≈≈≈.#
≈≈≈≈≈≈≈≈≈≈........'
≈≈≈≈≈≈≈≈≈.........#
#####≈≈........≈≈≈#
##...##......≈≈≈≈≈≈≈
#.....#.....≈≈≈≈≈≈≈≈
#.>@..)....≈≈≈≈≈≈≈≈≈
#.....#.(..≈≈≈≈≈≈≈≈≈
##...##....≈≈≈≈≈≈≈≈≈
≈#####....≈≈≈≈≈≈≈≈≈≈
≈≈≈≈≈≈....≈≈≈≈≈≈≈≈≈≈
≈≈≈≈≈≈.....≈≈≈≈≈≈≈.≈
..≈≈≈........≈≈≈≈≈.
#..................
##.#####.##.#####.#


There were no monsters in sight!

Vanquished Creatures
  2 bats (D:1)
  An endoplasm (D:1)
  2 goblins (D:1)
  2 quokkas (D:1)
  A ball python (D:1)
8 creatures vanquished.

Notes
Turn   | Place    | Note
-------+----------+-------------------------------------------
     0 | D:1      | Descartes the Felid Monk began the quest for the Orb.
     0 | D:1      | Reached XP level 1. HP: 10/10 MP: 2/2
   283 | D:1      | Found a faded altar of an unknown god.
   297 | D:1      | Reached XP level 2. HP: 14/14 MP: 3/3
   320 | D:1      | Prayed at the altar of an unknown god.
   320 | D:1      | Became a worshipper of Ashenzari the Shackled
   346 | D:$      | Got out of the dungeon alive.

Illustrated notes

Levels and vault maps discovered:
D:1:      minmay_arrival_shoal_huts, layout_loops_ring,
          hellmonk_ecumenical_altar_zigzags

Skill      XL: |  1 |
---------------+----+-----
Stealth        | 3 |  3.1
Fighting       | |  3.1
Dodging        | |  4.2
Unarmed Combat | |  3.1

Action                   || total
-------------------------++-------
Melee: Unarmed           ||    17
 Stab: Sleeping          ||     2
Dodge: Dodged            ||    12
